 Dungeon Crawl Stone Soup version 0.26-a0-466-g989023bd0d (webtiles) character file.

Game seed: 4448042131642965906

1342 Klosterheim the Stinger (level 8, -1/58 HPs)
             Began as a Formicid Venom Mage on Aug 8, 2020.
             Slain by a troll (17 damage)
             ... on level 5 of the Dungeon.
             The game lasted 00:30:13 (6582 turns).

Klosterheim the Stinger (Formicid Venom Mage)       Turns: 6582, Time: 00:30:13

Health: -1/58      AC:  7    Str: 13    XL:     8   Next: 93%
Magic:  9/14       EV: 13    Int: 17    God:
Gold:   305        SH:  0    Dex: 11    Spells: 10/15 levels left

rFire    . . .     SeeInvis +   r - +2 falchion (venom)
rCold    . . .     Faith    .   (no shield)
rNeg     . . .     Spirit   .   a - +0 robe
rPois    +         Reflect  .   (helmet unavailable)
rElec    .         Harm     .   w - +0 cloak
rCorr    .                      (no gloves)
MR       .....                  (no boots)
Stlth    +++.......             p - amulet of regeneration
HPRegen  0.59/turn              k - ring of poison resistance
MPRegen  0.14/turn              m - +4 ring of protection

@: mighty
A: permanent stasis, dig shafts and tunnels, four strong arms, antennae 3
a: Dig, Shaft Self


You were on level 5 of the Dungeon.
You visited 1 branch of the dungeon, and saw 5 of its levels.

You collected 305 gold pieces.

Inventory:

Hand Weapons
 e - a +1 dagger of speed
 r - a +2 falchion of venom (weapon)
 x - the cursed +0 dagger "Rezaef" {antimagic, rC- Str+3 Int+7 Stlth+}
   (You found it on level 4 of the Dungeon)

   It reduces the magical energy of the wielder, and disrupts the spells and
   magical abilities of those hit.
   Natural abilities and divine invocations are not affected.
   It affects your strength (+3).
   It affects your intelligence (+7).
   It makes you vulnerable to cold.
   It makes you more stealthy.
   It has a curse placed upon it.
Missiles
 i - 7 curare-tipped darts (quivered)
Armour
 a - a +0 robe (worn)
 w - a +0 cloak (worn)
Jewellery
 k - a ring of poison resistance (left hand)
 m - a +4 ring of protection (right hand)
 p - an amulet of regeneration (around neck)
 s - a +6 ring of intelligence
 u - an uncursed amulet of guardian spirit {unknown}
Wands
 g - a wand of paralysis (9)
Scrolls
 d - 2 scrolls of identify
 h - 2 scrolls of magic mapping
 n - 3 scrolls of remove curse
 q - a scroll of enchant weapon
 t - a scroll of fog
Potions
 b - 3 potions of stabbing
 f - 2 potions of curing
 j - a potion of mutation
 l - a potion of invisibility {unknown}
 v - a potion of lignification {unknown}
 z - a potion of flight {unknown}


   Skills:
 + Level 3.4 Fighting
 + Level 4.9 Long Blades
 - Level 3.0 Dodging
 + Level 5.3 Stealth
 - Level 4.0 Spellcasting
 - Level 3.0 Transmutations
 - Level 2.0 Fire Magic
 - Level 1.0 Air Magic
 - Level 7.0 Poison Magic


You had 10 spell levels left.
You knew the following spells:

 Your Spells              Type           Power        Failure   Level
a - Poisonous Vapours     Pois/Air       ###...       4%          2
b - Ignite Poison         Fire/Tmut/Pois ###.....     9%          3

Your spell library contained the following spells:

 Spells                   Type           Power        Failure   Level
 Sting                    Tmut/Pois      ###.         1%          1
 Olgreb's Toxic Radiance  Pois           ####....     9%          4
 Mephitic Cloud           Conj/Pois/Air  ##......     16%         3


Dungeon Overview and Level Annotations

Branches:
Dungeon (5/15)
 Temple: D:4-7

Altars:
Fedhas
Okawaru
Trog
The Shining One


Innate Abilities, Weirdness & Mutations

You cannot be hasted, slowed, berserked, paralysed or teleported.
You can dig through walls and to a lower floor.
Your four strong arms can wield two-handed weapons with a shield.
You have a pair of large antennae on your head. (SInv)


Message History

You slash the leopard gecko skeleton!
You destroy the leopard gecko skeleton!
The troll bites you! The troll barely misses you. The troll claws you.
The troll bites you but does no damage. The troll misses you.
The troll closely misses you. The troll barely misses you. The troll claws you!
* * * LOW HITPOINT WARNING * * *
The troll closely misses you. The troll bites you.
* * * LOW HITPOINT WARNING * * *
The troll claws you!
* * * LOW HITPOINT WARNING * * *
The troll claws you but does no damage.
Okay, then.
You feel much better. The troll bites you. The troll claws you.
* * * LOW HITPOINT WARNING * * *
The troll claws you but does no damage.
You feel very mighty all of a sudden. The troll bites you!
You die...

##################
#................#
#................#
#..#####.(#####@.#
#).....#..#...T..#
#......#..#......#
#####).#..#..#####
#......#..#......#
##......#..#......#
.#..#####..#####..#
.#......#..#......#
.#......#..#......#


You could see a troll.

Vanquished Creatures
  A sky beast (D:5)
  2 ice beasts
  2 ogres (D:5)
  A centaur (D:5)
  2 scorpions (D:5)
  A howler monkey (D:4)
  A jelly (D:5)
  A hound (D:4)
  Crazy Yiuf (D:4)
  2 orc priests (D:5)
  A gnoll shaman (D:4)
  Terence (D:2)
  2 iguanas
  3 worker ants (D:5)
  2 hound skeletons
  Robin (D:3)
  A howler monkey skeleton (D:4)
  8 adders
  9 gnolls
  3 white imps (D:5)
  5 worms
  3 dart slugs
  5 leopard geckos
  15 orcs
  2 ball pythons
  10 bats
  4 giant cockroaches
  10 goblins
  7 hobgoblins
  2 jackals (D:5)
  3 kobolds
  2 quokkas
  3 frilled lizards
  2 leopard gecko skeletons (D:5)
  5 rats
123 creatures vanquished.

Notes
Turn   | Place    | Note
-------+----------+-------------------------------------------
     0 | D:1      | Klosterheim the Formicid Venom Mage began the quest for the
                  | Orb.
     0 | D:1      | Reached XP level 1. HP: 13/13 MP: 3/3
   273 | D:1      | Reached XP level 2. HP: 19/19 MP: 3/5
   582 | D:1      | Reached XP level 3. HP: 22/24 MP: 2/6
   984 | D:2      | Found an iron altar of Okawaru.
  1258 | D:2      | Reached XP level 4. HP: 25/31 MP: 3/7
  1971 | D:2      | Noticed Terence
  1979 | D:2      | Killed Terence
  2202 | D:3      | Reached XP level 5. HP: 36/36 MP: 9/9
  2222 | D:3      | Reached skill level 1 in Fighting
  2233 | D:3      | Noticed Robin
  2239 | D:3      | Reached skill level 5 in Poison Magic
  2327 | D:3      | Killed Robin
  3354 | D:3      | Reached XP level 6. HP: 41/43 MP: 10/10
  3573 | D:3      | Learned a level 3 spell: Ignite Poison
  3576 | D:3      | Learned a level 2 spell: Poisonous Vapours
  3894 | D:4      | Noticed an ice beast
  3902 | D:3      | Killed an ice beast
  4020 | D:4      | Reached skill level 1 in Fire Magic
  4091 | D:4      | Reached XP level 7. HP: 50/50 MP: 1/11
  4178 | D:4      | Reached skill level 1 in Air Magic
  4434 | D:4      | Reached skill level 6 in Poison Magic
  4453 | D:4      | Reached skill level 1 in Long Blades
  4824 | D:4      | Found a blossoming altar of Fedhas.
  4863 | D:4      | Found a glowing golden altar of the Shining One.
  4863 | D:4      | Found a bloodstained altar of Trog.
  5166 | D:4      | Found a runed translucent door.
  5167 | D:4      | Noticed Crazy Yiuf
  5257 | D:4      | Killed Crazy Yiuf
  5286 | D:4      | Got a brightly glowing dagger
  5287 | D:4      | Identified the cursed +0 dagger "Rezaef" {antimagic, rC-
                  | Str+3 Int+7 Stlth+} (You found it on level 4 of the
                  | Dungeon)
  5341 | D:5      | Entered Level 5 of the Dungeon
  5362 | D:5      | Reached XP level 8. HP: 56/56 MP: 0/12
  6427 | D:5      | Reached skill level 5 in Stealth
  6558 | D:5      | Noticed a troll
  6559 | D:5      | Reached skill level 7 in Poison Magic
  6582 | D:5      | Slain by a troll

Illustrated notes

Levels and vault maps discovered:
D:1:      eino_arrival_water_star, layout_basic, serial_bayou_ford_a,
          minmay_heptomino_h4
D:2:      layout_loops_corners, old_standard_altar, mrwooster_statue_mirror,
          uniq_terence
D:3:      layout_loops_corners, serial_rivers, chequers_serial_rivers_micro_c,
          chequers_serial_rivers_micro_c, chequers_serial_rivers_small_b,
          chequers_serial_rivers_micro_b, chequers_serial_rivers_micro_d,
          uniq_robin
D:4:      layout_rooms, minitemple, uniq_crazy_yiuf_cottage
D:5:      kennysheep_windowed_halls, layout_loops_ring, serial_co_window_serial,
          co_window_of_opportunity_a, co_window_paths_b, co_window_paths_a,
          co_window_paths_a, co_window_of_opportunity_a, co_window_paths_c,
          co_window_broadway_a, co_window_unsneaky_path_d, co_window_4corner_a,
          co_window_sun, glass_columns_a

Skill      XL: |  1  2  3  4  5  6  7  8 |
---------------+-------------------------+-----
Transmutations | 2 3 |  3.0
Dodging        | 2 3 |  3.0
Stealth        | 3 4 5 |  5.3
Fighting       | 1 2 3 |  3.4
Poison Magic   | 5 6 7 |  7.0
Spellcasting   | 3 4 |  4.0
Fire Magic     | 1 2 |  2.0
Air Magic      | 1 |  1.0
Long Blades    | 4 |  4.9

Action                   |  1- 3 |  4- 6 |  7- 9 || total
-------------------------+-------+-------+-------++-------
Melee: Unarmed           |     9 |       |       ||     9
       Dagger            |    17 |   100 |     5 ||   122
       Falchion          |       |       |    97 ||    97
 Cast: Sting             |    43 |    79 |       ||   122
       Poisonous Vapours |       |     8 |    55 ||    63
       Ignite Poison     |       |     1 |     6 ||     7
  Use: Scroll            |       |    11 |     2 ||    13
       Potion            |       |       |     2 ||     2
 Stab: Sleeping          |     1 |       |     4 ||     5
Armor: Robe              |     6 |    16 |    40 ||    62
Dodge: Dodged            |    34 |    69 |    74 ||   177
       Rpst.: Falchion   |       |       |    19 ||    19

Table legend: (Time is in decaauts)
 A = Elapsed time spent in this place.
 B = Non-inter-level travel time spent in this place.
 C = Inter-level travel time spent in this place.
 D = Time resting spent in this place.
 E = Time spent auto-exploring this place.
 F = Levels seen in this place.
 G = Mean time per level.
                   A        B        C        D        E       F      G
               +--------+--------+--------+--------+--------+-----+--------+
         Total |   6565 |   6120 |    445 |   2145 |   2886 |   5 | 1313.0 |
       Dungeon |   6565 |   6120 |    445 |   2145 |   2886 |   5 | 1313.0 |
               +--------+--------+--------+--------+--------+-----+--------+

Top non-repeatable levels by time:
     D:3: 1970 daAuts
     D:2: 1279 daAuts
     D:5: 1245 daAuts
     D:4: 1090 daAuts
     D:1: 978 daAuts
